 Dungeon Crawl Stone Soup version 0.29-a0-824-gd827844252 (webtiles) character file.

Game seed: 8796441232360171134

6 xian the Ducker (level 1, 0/10 HPs)
             Began as a Felid Abyssal Knight on July 11, 2022.
             Was a Believer of Lugonu.
             Constricted to death by a ball python (1 damage)
             ... on level 1 of the Dungeon.
             The game lasted 00:01:08 (389 turns).

xian the Ducker (Felid Abyssal Knight)               Turns: 389, Time: 00:01:09

Health: 0/10       AC:  1    Str:  9    XL:     1   Next: 75%
Magic:  3/3        EV: 15    Int: 11    God:    Lugonu [**....]
Gold:   46         SH:  0    Dex: 16    Spells: 0/0 levels left
                                        Lives:  0   Deaths: 0

rFire   . . .      SeeInvis +     - Unarmed
rCold   . . .      Faith    .   (shield unavailable)
rNeg    . . .      Spirit   .   (body armour unavailable)
rPois   .          Reflect  .   (helmet unavailable)
rElec   .          Harm     .   (cloak unavailable)
rCorr   .          Rampage  .   (gloves unavailable)
Will    .....                   (boots unavailable)
Stlth   ++........              (no amulet)
HPRegen 0.03/turn               (no ring)
MPRegen 0.08/turn               (no ring)

@: constricted, quick
A: very small, claws 1, fangs 3, see invisible, speed 1, shaggy fur 1, stealthy
paws, no weapons or thrown items, no armour, multi-lived
a: Renounce Religion, Depart the Abyss, Bend Space


You were on level 1 of the Dungeon.
You worshipped Lugonu.
Lugonu was pleased with you.
You visited 1 branch of the dungeon, and saw 1 of its levels.
You visited the Abyss 1 time.

You collected 46 gold pieces.

Inventory:

Scrolls
 b - a scroll of identify {unknown}
 c - a scroll of amnesia {unknown}
Potions
 a - 2 potions of brilliance {unknown}


   Skills:
 + Level 3.1 Fighting
 + Level 3.5 Dodging
 + Level 0.4 Stealth
 + Level 2.0 Unarmed Combat
 + Level 1.8 Invocations


You couldn't memorise any spells.
You didn't know any spells.
Your spell library was empty.

Dungeon Overview and Level Annotations

Branches:
Dungeon (1/15)

Altars:


Innate Abilities, Weirdness & Mutations

You have sharp claws.
You have razor-sharp teeth.
You have supernaturally acute eyesight. (SInv)
You cover ground quickly. (Speed+)
You are covered in fur. (AC +1)
Your paws help you pounce on unaware monsters.
You are incapable of wielding weapons or throwing items.
You cannot wear armour.
You gain extra lives every three experience levels.


Message History

Found a scroll labelled IMAXO VANAUV.
The rat moves out of view.
Found a clear potion and 5 stones.
You scratch the rat.
You kill the rat!
Lugonu accepts your kill.
You see here a rat corpse.
Found a bubbling golden potion.
A rat comes into view.
The endoplasm quivers.
The endoplasm completely misses you.
You see here a scroll labelled IMAXO VANAUV.
You barely miss the rat. The endoplasm barely misses you. The rat misses you.
You scratch the rat but do no damage. The endoplasm barely misses you.
The rat completely misses you.
You scratch the rat.
You kill the rat!
Lugonu accepts your kill. The endoplasm hits you.
You see here a clear potion.
You see here 5 stones.
You scratch the endoplasm.
You bite the endoplasm, but do no damage.
The endoplasm is almost dead.
The endoplasm freezes you.
You are frozen.
You scratch the endoplasm.
You kill the endoplasm!
Lugonu accepts your kill.
c - a scroll labelled IMAXO VANAUV
a - 2 clear potions (gained 1)
A ball python comes into view.
The ball python hisses angrily.
The ball python closely misses you. The ball python misses you.
The ball python completely misses you. The ball python grabs you.
The ball python constricts you.
You barely miss the ball python. Your bite misses the ball python.
The ball python bites you.
* * * LOW HITPOINT WARNING * * *
The ball python constricts you.
You die...

########
##@S....#
#..##.#.#
#######
#....(#.#
#......
####..#....#
#......
......#.##.#
#......
##.........#
#......
#.!#......#
#......
##.##.†####
#####..
#.......###
##.


You could see a ball python.

Vanquished Creatures
  2 endoplasms (D:1)
  A ball python (D:1)
  A bat (D:1)
  3 rats (D:1)
7 creatures vanquished.

Notes
Turn   | Place    | Note
-------+----------+-------------------------------------------
     0 | Abyss:1  | xian the Felid Abyssal Knight began the quest for the Orb.
     0 | Abyss:1  | Reached XP level 1. HP: 10/10 MP: 3/3
     3 | D:1      | Escaped the Abyss
   389 | D:1      | Constricted to death by a ball python

Illustrated notes

Levels and vault maps discovered:
D:1:      erik_arrival_triangle_small, layout_rooms,
          ebering_ecumenical_altar_sacrificial, minmay_domino_4

Action                   || total
-------------------------++-------
Melee: Unarmed           ||    16
       Punch             ||     1
       Bite              ||     1
 Stab: Sleeping          ||     1
Armor: Skin              ||     1
Dodge: Dodged            ||    11

Table legend: (Time is in decaauts)
 A = Elapsed time spent in this place.
 B = Non-inter-level travel time spent in this place.
 C = Inter-level travel time spent in this place.
 D = Time resting spent in this place.
 E = Time spent auto-exploring this place.
 F = Levels seen in this place.
 G = Mean time per level.
                   A        B        C        D        E       F      G
               +--------+--------+--------+--------+--------+-----+--------+
         Total |    360 |    360 |      0 |      0 |    283 |   2 |  180.0 |
       Dungeon |    357 |    357 |      0 |      0 |    283 |   1 |  357.0 |
         Abyss |      2 |      2 |      0 |      0 |      0 |   1 |    2.0 |
               +--------+--------+--------+--------+--------+-----+--------+

Top non-repeatable levels by time:
     D:1: 357 daAuts
 Abyss:1: 2 daAuts
